 Dungeon Sprint DCSS version 0.29.1-1-gd02db6906a (webtiles) character file.

Game seed: 6425598014444273785

291 Arandomuser85 the Unseen (level 6, -6/44 HPs)
             Began as an Octopode Brigand on Oct 11, 2022.
             Mangled by a yak (16 damage)
             ... in the Dungeon (Sprint I: "Red Sonja").
             The game lasted 00:01:02 (344 turns).

Arandomuser85 the Unseen (Octopode Brigand)          Turns: 344, Time: 00:01:03

Health: -6/44      AC:  1    Str: 11    XL:     6   Next: 32%
Magic:  6/6        EV: 15    Int: 13    God:
Gold:   172        SH:  0    Dex: 15    Spells: 5/5 levels left

rFire   . . .      SeeInvis .   a - +2 dagger
rCold   . . .      Faith    .   (no shield)
rNeg    . . .      Spirit   .   (helmet restricted)
rPois   .          Reflect  .   (no amulet)
rElec   .          Harm     .   (no ring)
rCorr   .          Rampage  .   (no ring)
Will    .....      NoTele   +   (no ring)
Stlth   +++++++...              (no ring)
HPRegen 0.14/turn               (no ring)
MPRegen 0.10/turn               (no ring)
                                (no ring)
                                (no ring)

@: no status effects
A: almost no armour, amphibious, 8 rings, camouflage 1, gelatinous body 1,
(nimble swimmer 1), tentacles
a: no special abilities


You were in the Dungeon.
You visited 1 branch You collected 172 gold pieces.

Inventory:

Hand Weapons
 a - a +2 dagger (weapon)
Missiles
 b - 9 poisoned darts
 c - 3 curare-tipped darts
Scrolls
 i - a scroll of silence {unknown}
Potions
 d - a potion of curing
 e - a potion of heal wounds
 f - a potion of haste
 g - 2 potions of magic


   Skills:
 * Level 4.7 Fighting
 * Level 4.6 Short Blades
 - Level 2.0 Throwing
 * Level 4.4 Dodging
 * Level 15.2 Stealth


You had 5 spell levels left.
You didn't know any spells.
Your spell library was empty.

Dungeon Overview and Level Annotations

Branches:
Dungeon (1/1)

Altars:
Cheibriados
Dithmenos
Elyvilon
Fedhas
Gozag
Hepliaklqana
Kikubaaqudgha
Okawaru
Qazlal
Ru
Sif Muna
Trog
Uskayaw
Vehumet
Wu Jian
Yredelemnul
Zin
The Shining One

Shops:
D *


Innate Abilities, Weirdness & Mutations

You cannot wear most types of armour.
You are amphibious.
You can wear up to eight rings at the same time.
Your skin changes colour to match your surroundings (Stealth+).
Your rubbery body absorbs attacks. (AC +1, EV +1)
((You are camouflaged when in or above water. (Stealth+)))
You have tentacles for arms and can constrict up to eight enemies at once.


Message History

The yak completely misses you.
Aiming: Throw Flame
Press: ? - help, Q - select action, (/) - cycle Shift-Dir - straight line, f/p - yak
Aim: a yak (heavily wounded, 81% to hit)
The puff of flame hits the yak!
The yak is severely wounded.
The yak gores you!
Aiming: Throw Flame
Press: ? - help, Q - select action, (/) - cycle Shift-Dir - straight line, f/p - yak
Aim: a yak (severely wounded, 81% to hit)
The puff of flame hits the yak but does no damage.
The yak is severely wounded.
The yak closely misses you.
Aiming: Throw Flame
Press: ? - help, Q - select action, (/) - cycle Shift-Dir - straight line, f/p - yak
Aim: a yak (severely wounded, 81% to hit)
The puff of flame hits the yak.
The yak is severely wounded.
The yak gores you.
Aiming: Throw Flame
Press: ? - help, Q - select action, (/) - cycle Shift-Dir - straight line, f/p - yak
Aim: a yak (severely wounded, 81% to hit)
The puff of flame hits the yak but does no damage.
The yak is severely wounded.
The now-empty wand crumbles to dust.
The yak misses you.
Unknown command.
You closely miss the yak.
The yak is severely wounded.
The yak closely misses you.
You hit the yak.
The yak is severely wounded.
You hit the yak.
The yak is almost dead.
The yak gores you!
* * * LOW HITPOINT WARNING * * *
You barely miss the yak.
The yak is almost dead.
The yak gores you!
You die...

################
#<.#..'..#.)'..#
#.))..#..'..#..+
#..#####'#####'#
#..# #..# #.#
#..#__#### ##.#
#..#_____##+#_.+
#⌠⌠#_.∩..Y@..._#
####_..__##_.#+#
#____ ##+# ####


You could see a yak.

Vanquished Creatures
  Sigmund (D)
  An ogre (D)
  A jelly (D)
  Ijyb (D)
4 creatures vanquished.

Notes
Turn   | Place    | Note
-------+----------+-------------------------------------------
     0 | D        | Arandomuser85 the Octopode Brigand began the quest for the
                  | Orb.
     0 | D        | Reached XP level 1. HP: 14/14 MP: 1/1
     2 | D        | Noticed Ijyb
    10 | D        | Killed Ijyb
    11 | D        | Reached skill level 8 in Stealth
    11 | D        | Reached XP level 2. HP: 5/20 MP: 2/2
    11 | D        | Reached XP level 3. HP: 6/25 MP: 3/3
   266 | D        | Noticed an ogre
   274 | D        | Killed an ogre
   275 | D        | Reached skill level 11 in Stealth
   275 | D        | Reached XP level 4. HP: 31/31 MP: 4/4
   293 | D        | Noticed Sigmund
   296 | D        | Killed Sigmund
   297 | D        | Reached skill level 14 in Stealth
   297 | D        | Reached XP level 5. HP: 38/38 MP: 5/5
   297 | D        | Reached XP level 6. HP: 44/44 MP: 6/6
   310 | D        | Found an ornate altar of the Wu Jian Council.
   310 | D        | Found a shimmering blue altar of Sif Muna.
   312 | D        | Found a radiant altar of Vehumet.
   317 | D        | Reached skill level 15 in Stealth
   328 | D        | Found Lusumyir's Assorted Antiques.
   328 | D        | Found an ancient bone altar of Kikubaaqudgha.
   328 | D        | Found a hazy altar of Hepliaklqana.
   328 | D        | Found a stormy altar of Qazlal.
   328 | D        | Found a hide-covered altar of Uskayaw.
   328 | D        | Found a blossoming altar of Fedhas.
   328 | D        | Found a bloodstained altar of Trog.
   328 | D        | Found an iron altar of Okawaru.
   328 | D        | Found a basalt altar of Yredelemnul.
   328 | D        | Found a glowing golden altar of the Shining One.
   328 | D        | Found a snail-covered altar of Cheibriados.
   328 | D        | Found a sacrificial altar of Ru.
   328 | D        | Found a glowing silver altar of Zin.
   328 | D        | Found a shadowy altar of Dithmenos.
   328 | D        | Found a white marble altar of Elyvilon.
   328 | D        | Noticed a yak
   329 | D        | Found an opulent altar of Gozag.
   344 | D        | Mangled by a yak

Illustrated notes

Levels and vault maps discovered:
D:        dungeon_sprint_1 [red_sonja_temple_1, red_sonja_temple_small_1]

Skill      XL: |  1  2  3  4  5  6 |
---------------+-------------------+-----
Dodging        | 2 3 4 |  4.4
Stealth        | 8 11 14 15 | 15.2
Fighting       | 3 4 |  4.7
Short Blades   | 3 4 |  4.6
Throwing       | |  2.0

Action                   |  1- 3 |  4- 6 || total
-------------------------+-------+-------++-------
Melee: Dagger            |     9 |    12 ||    21
       Constrict         |     1 |       ||     1
       Tentacles         |       |     4 ||     4
Evoke: Wand              |     5 |     5 ||    10
  Use: Potion            |     1 |       ||     1
       Scroll            |     1 |       ||     1
 Stab: Sleeping          |       |     2 ||     2
Dodge: Dodged            |     1 |     8 ||     9
